 Dungeon Crawl Stone Soup version 0.31-a0-345-g1ebeae05c6 (webtiles) character file.

Game seed: 10764559084735411321

42 LeprechaunX the Ruffian (level 3, -2/24 HPs)
             Began as an Octopode Shapeshifter on July 22, 2023.
             Slain by Robin
             ... wielding a +0 falchion
              (4 damage)
             ... on level 2 of the Dungeon.
             The game lasted 00:01:10 (876 turns).

LeprechaunX the Ruffian (Octopode Shapeshifter)      Turns: 876, Time: 00:01:11

Health: -2/24      AC:  1    Str: 16    XL:     3   Next: 56%
Magic:  3/3        EV: 13    Int: 10    God:
Gold:   62         SH:  0    Dex: 12    Spells: 2/2 levels left

rFire   . . .        d - +3 short sword
rCold   . . .        (no shield)
rNeg    . . .        (helmet currently unavailable)
rPois   .            (no amulet)
rElec   .            (no ring)
rCorr   .            (no ring)
SInv    .            (no ring)
Will    .....        (no ring)
Stlth   ++           (no ring)
HPRegen 0.24/turn    (no ring)
MPRegen 0.08/turn    (no ring)
                     (no ring)

%: no passive effects
@: beast-form
A: beast (slay +2), almost no armour, amphibious, 8 rings, camouflage 1,
gelatinous body 1, (nimble swimmer 1), tentacles
a: Begin Untransformation


You were on level 2 of the Dungeon.
You were a hulking beast.
You visited 1 branch of the dungeon, and saw 2 of its levels.

You collected 62 gold pieces.

Inventory:

Hand Weapons
 d - a +3 short sword (weapon)
Missiles
 i - 4 boomerangs (quivered)
Jewellery
 h - a ring of protection from fire
Talismans
 b - a beast talisman
Scrolls
 c - a scroll of brand weapon {unknown}
 e - a scroll of fog {unknown}
 g - a scroll of acquirement {unknown}
 j - a scroll of teleportation {unknown}
Potions
 a - a potion of lignification
 f - a potion of brilliance {unknown}


   Skills:
 + Level 1.7 Fighting
 + Level 2.5 Dodging
 * Level 3.5 Unarmed Combat
 + Level 3.2 Shapeshifting


You had 2 spell levels left.
You didn't know any spells.
Your spell library contained the following spells:

 Spells                   Type           Power      Damage    Failure   Level
 Slow                     Hex            0%         N/A       36%         1
 Summon Small Mammal      Summ           0%         N/A       36%         1
 Call Canine Familiar     Summ           0%         N/A       75%         3
 Confusing Touch          Hex            0%         N/A       75%         3
 Summon Guardian Golem    Hex/Summ       0%         N/A       75%         3
 Vampiric Draining        Necr           0%         2d6       75%         3


Dungeon Overview and Level Annotations

Branches:
Dungeon (2/15)

Altars:

Annotations:
D:2 Robin


Innate Abilities, Weirdness & Mutations

You are a hulking beast.
Your limbs bulge with bestial killing power. (Slay +2)
You cannot wear most types of armour.
You are amphibious.
You can wear up to eight rings at the same time.
Your skin changes colour to match your surroundings (Stealth+).
Your rubbery body absorbs attacks. (AC +1, EV +1)
((You are camouflaged when in or above water. (Stealth+)))
You have tentacles for arms and can constrict up to eight enemies at once.


Message History

The goblin closely misses you.
You puncture the goblin!
You kill the goblin!
Robin roars a battlecry!
A goblin comes into view. It is wielding a +0 club.
Robin throws the goblin at you!
A goblin comes into view. It is wielding a +0 dagger.
The goblin shouts!
You hit Robin. You grab Robin.
Robin is lightly wounded.
You constrict Robin. Robin throws the goblin at you!
You hit Robin.
Robin is heavily wounded.
You constrict Robin. The goblin hits you with a +0 dagger.
Robin hits you with a +0 falchion.
You are too injured to fight recklessly!
You are too injured to fight recklessly!
You are too injured to fight recklessly!
You are too injured to fight recklessly!
You are too injured to fight recklessly!
You are too injured to fight recklessly!
You are too injured to fight recklessly!
You are too injured to fight recklessly!
You are too injured to fight recklessly!
You are too injured to fight recklessly!
You are too injured to fight recklessly!
You are too injured to fight recklessly!
You are too injured to fight recklessly!
You are too injured to fight recklessly!
You are too injured to fight recklessly!
You are too injured to fight recklessly!
You are too injured to fight recklessly!
You are too injured to fight recklessly!
Unknown command.
You hit Robin but do no damage. You squeeze Robin, but do no damage.
Robin is severely wounded.
You constrict Robin. The goblin hits you with a +0 dagger.
* * * LOW HITPOINT WARNING * * *
Robin hits you with a +0 falchion.
You die...

#.## #.#.
####.#.####
......gh?.#
......g.g.#
......)...#
.......)..#
..##......######
#..#...........# #
#...$.†.......# #
##..#.##......######
# #..#.
#............ +


You could see Robin and 2 goblins.

Vanquished Creatures
  An adder (D:2)
  4 bats
  3 endoplasms (D:2)
  6 goblins
  4 hobgoblins
  A quokka (D:1)
  3 ball pythons (D:1)
  A frilled lizard (D:2)
  4 kobolds (D:1)
  2 rats
29 creatures vanquished.

Notes
Turn   | Place    | Note
-------+----------+-------------------------------------------
     0 | D:1      | LeprechaunX the Octopode Shapeshifter began the quest for
                  | the Orb.
     0 | D:1      | Reached XP level 1. HP: 13/13 MP: 1/1
    70 | D:1      | Reached XP level 2. HP: 18/18 MP: 2/2
   123 | D:1      | Found a faded altar of an unknown god.
   813 | D:2      | Reached XP level 3. HP: 19/23 MP: 3/3
   868 | D:2      | Noticed Robin
   876 | D:2      | Slain by Robin

Illustrated notes

Levels and vault maps discovered:
D:1:      psy_arrival_terrarium, layout_basic, ebering_ecumenical_altar_box
D:2:      layout_basic, serial_shops, nicolae_shop_gaudy_bauble, uniq_robin

Action                     || total
---------------------------++-------
  Melee: Unarmed           ||    10
         Tentacles         ||    10
         Constrict         ||     8
         Short sword       ||    33
         Punch             ||     1
   Stab: Sleeping          ||     3
  Dodge: Dodged            ||    22

Table legend: (Time is in decaauts)
 A = Elapsed time spent in this place.
 B = Non-inter-level travel time spent in this place.
 C = Inter-level travel time spent in this place.
 D = Time resting spent in this place.
 E = Time spent auto-exploring this place.
 F = Levels seen in this place.
 G = Mean time per level.
                   A        B        C        D        E       F      G
               +--------+--------+--------+--------+--------+-----+--------+
         Total |    874 |    732 |    142 |      0 |    583 |   2 |  437.0 |
       Dungeon |    874 |    732 |    142 |      0 |    583 |   2 |  437.0 |
               +--------+--------+--------+--------+--------+-----+--------+

Top non-repeatable levels by time:
     D:1: 726 daAuts
     D:2: 147 daAuts
